 Dungeon Crawl Stone Soup version 0.16-a0-3770-gc215ce9 (webtiles) character file.

340 Johnny the Shield-Bearer (level 6, -4/49 HPs)
             Began as a Formicid Fighter on Jan 25, 2015.
             Killed by divine providence
             ... invoked by an orc priest
              (11 damage)
             ... on level 5 of the Dungeon.
             The game lasted 00:04:06 (4029 turns).

Johnny the Shield-Bearer (Formicid Fighter)         Turns: 4029, Time: 00:04:06

Health: -4/49      AC:  7    Str: 26    XL:     6   Next: 86%
Magic:  8/8        EV: 10    Int:  7    God:
Gold:   165        SH: 10    Dex: 12    Spells: 0 memorised, 5 levels left

rFire  . . .     SeeInvis +     a - +0 war axe
rCold  . . .     Clarity  .     b - +0 scale mail
rNeg   . . .     SustAb   .     c - +0 shield
rPois  .         Gourm    .     (helmet unavailable)
rElec  .         Spirit   .     (no cloak)
rCorr  .         Warding  .     (no gloves)
rMut   .         Stasis   +     (no boots)
MR     .....                    (no amulet)
Stlth  ..........               (no ring)
                                (no ring)

@: mighty, not resistant to hostile enchantments, extremely unstealthy
A: permanent stasis, dig shafts and tunnels, four strong arms, antennae 3
a: Dig, Shaft Self


You were on level 5 of the Dungeon.
You were not hungry.

You visited 2 branches of the dungeon, and saw 6 of its levels.

You collected 165 gold pieces.

Inventory:

Hand weapons
 a - a +0 war axe (weapon)
Armour
 b - a +0 scale mail (worn)
 c - a +0 shield (worn)
Jewellery
 r - an uncursed amulet of rage {unknown}
 u - a cursed amulet of inaccuracy {unknown}
Magical devices
 p - a wand of slowing (35)
 A - a wand of digging (12)
 B - a wand of invisibility (1)
Scrolls
 g - 2 scrolls of magic mapping {unknown}
 k - a scroll of enchant weapon {unknown}
 l - 6 scrolls of identify {unknown}
 m - 2 scrolls of noise {unknown}
 q - a scroll of teleportation {unknown}
 t - 2 scrolls of blinking {unknown}
 v - 2 scrolls of recharging {unknown}
 w - a scroll of immolation {unknown}
 y - a scroll of fear {unknown}
Potions
 f - a potion of lignification {unknown}
 i - 2 potions of flight {unknown}
 o - a potion of haste {unknown}
 s - a potion of brilliance {unknown}
 x - a potion of ambrosia {unknown}
 C - a potion of berserk rage {unknown}
Comestibles
 d - 4 bread rations
 h - 7 meat rations
 j - 3 fruits
 n - 2 beef jerkies
 z - a slice of pizza
 D - a chunk of flesh


   Skills:
 * Level 4.7 Fighting
 * Level 3.7 Axes
 + Level 3.9 Armour
 * Level 2.8 Dodging
 + Level 4.7 Shields


You had 5 spell levels left.
You didn't know any spells.

Dungeon Overview and Level Annotations

Branches:
Dungeon (5/15)             Temple (1/1) D:4

Altars:
Dithmenos
Fedhas
Gozag
Kikubaaqudgha
Makhleb
Okawaru
Qazlal
Trog
Vehumet
Xom


Innate Abilities, Weirdness & Mutations

You are under a permanent stasis effect.
You can dig through walls and to a lower floor.
Your four strong arms can wield two-handed weapons with a shield.
You have a pair of large antennae on your head (SInv).


Message History

* * * LOW HITPOINT WARNING * * *
The orc closely misses you.
You barely miss the orc priest.
The orc priest is severely wounded.
You closely miss the orc. You block the orc priest's attack.
You block the orc's attack. The giant newt bites you.
* * * LOW HITPOINT WARNING * * *
Unknown command.
Drink which item? (? for menu, Esc to quit)
You feel very mighty all of a sudden.
The orc priest hits you but does no damage.
The orc closely misses you. You block the giant newt's attack.
You closely miss the orc priest.
The orc priest is severely wounded.
You slash the orc!
You kill the orc!
You closely miss the giant newt.
The orc priest mumbles some strange prayers to Beogh against you.
Something smites you!
You die...

#. ... #.. #...# ....
##....#######.....
#......$...).......
..........@o.#
.##......l)## #..#...>##
#...#........
#...#.......#
##..##.....#. .....
##..##....#.. #.......
###........#...###........
#.........................


You could see an orc priest and a giant newt.

Vanquished Creatures
  An ogre (D:5)
  A crimson imp (D:4)
  A jelly (D:5)
  An orc priest (D:5)
  8 adders
  A worm (D:4)
  3 giant geckos
  An ooze (D:3)
  8 orcs
  A ball python (D:3)
  7 bats
  A bat skeleton (D:4)
  9 goblins
  7 hobgoblins
  6 jackals
  5 quokkas
  2 giant cockroaches
  A giant cockroach zombie (D:5)
  3 giant newts
  8 kobolds
  8 rats
83 creatures vanquished.

Notes
Turn   | Place    | Note
--------------------------------------------------------------
     0 | D:1      | Johnny, the Formicid Fighter, began the quest for the Orb.
     0 | D:1      | Reached XP level 1. HP: 18/18 MP: 1/1
   469 | D:1      | Reached XP level 2. HP: 24/24 MP: 3/3
   804 | D:2      | Found an ancient bone altar of Kikubaaqudgha.
  1242 | D:2      | Reached skill level 1 in Dodging
  1242 | D:2      | Reached XP level 3. HP: 25/29 MP: 4/4
  1542 | D:2      | Reached XP level 4. HP: 34/37 MP: 5/5
  1660 | D:3      | Reached skill level 4 in Shields
  2406 | D:4      | Found a burning altar of Makhleb.
  2416 | D:4      | Reached XP level 5. HP: 42/42 MP: 7/7
  2495 | D:4      | Found a staircase to the Ecumenical Temple.
  2520 | Temple   | Entered the Ecumenical Temple
  2709 | D:4      | Found a shadowy altar of Dithmenos.
  2709 | D:4      | Found an iron altar of Okawaru.
  2729 | D:4      | Found a bloodstained altar of Trog.
  3121 | D:5      | Entered Level 5 of the Dungeon
  3137 | D:5      | Found a stormy altar of Qazlal.
  3142 | D:5      | Reached XP level 6. HP: 8/48 MP: 8/8
  3445 | D:5      | Noticed an ogre
  3454 | D:5      | Killed an ogre
  4029 | D:5      | Killed from afar by an orc priest

Action                   |  1- 3 |  4- 6 || total
-------------------------+-------+-------++-------
Melee: War axe           |    88 |   187 ||   275
  Use: Potion            |       |     1 ||     1
  Eat: Chunk             |     2 |     8 ||    10
